PCL
SAN JOSE MISSIONS @ GRESHAM GOLD SOULS
09/25/2026
 
TOP OF THE 1ST
San Jose Missions batting - Pitching for Gresham Gold Souls : RHP Isaac Coleman
Pitching: RHP Isaac Coleman
Batting: RHB Greg Ball 0-0: Ball
1-0: Ball
2-0: Foul Ball, location: 2F
2-1: Swinging Strike
2-2: Foul Ball, location: 2F
2-2: SINGLE (Line Drive, 78S)
Batting: LHB Miguel Montés 0-0: Ball
1-0: Called Strike
1-1: Ball
2-1: Ground out 5-3 (Groundball, 5S)
Greg Ball to second
Batting: RHB Ramón Ruíz 0-0: Ball
1-0: Ball
2-0: Foul Ball, location: 2F
2-1: Ball
3-1: Base on Balls
Batting: RHB Chang-geun Kim 0-0: Called Strike
0-1: Ball
1-1: Called Strike
1-2: Ball
2-2: Strikes out swinging
Batting: RHB Armando López 0-0: Swinging Strike
0-1: Foul Ball, location: 2F
0-2: Strikes out swinging
Top of the 1st over - 0 run(s), 1 hit(s), 0 error(s), 2 left on base; San Jose 0 - Gresham 0
BOTTOM OF THE 1ST
Gresham Gold Souls batting - Pitching for San Jose Missions : LHP Octávio Pérez
Pitching: LHP Octávio Pérez
Batting: LHB Bill Smith 0-0: Ball
1-0: Swinging Strike
1-1: Ground out 1-3 (Groundball, 25)
Batting: SHB Todd Smith 0-0: Ball
1-0: Ball
2-0: Called Strike
2-1: Ball
3-1: Base on Balls
Batting: RHB Peter Hensley 0-0: Called Strike
0-1: Foul Ball, location: 2F
0-2: Foul Ball, location: 2F
0-2: Strikes out looking
Batting: RHB Lorenzo Morín 0-0: Called Strike
0-1: Swinging Strike
0-2: Ball
1-2: Ball
2-2: Strikes out swinging
Bottom of the 1st over - 0 run(s), 0 hit(s), 0 error(s), 1 left on base; San Jose 0 - Gresham 0
TOP OF THE 2ND
San Jose Missions batting - Pitching for Gresham Gold Souls : RHP Isaac Coleman
Batting: RHB Cal Keys 0-0: Ball
1-0: Foul Ball, location: 2F
1-1: Ball
2-1: Foul Ball, location: 2F
2-2: Foul Ball, location: 2F
2-2: Hit by Pitch
Batting: RHB Goro Tanabe 0-0: Ball
1-0: Called Strike
1-1: Swinging Strike
1-2: Strikes out swinging
Batting: RHB Bobby Brewster 0-0: Swinging Strike
0-1: Called Strike
0-2: Fly out, F9 (Flyball, 89M)
Batting: RHB Elliott Rucker 0-0: Ball
1-0: Ball
2-0: Called Strike
2-1: Called Strike
2-2: Fielders Choice at 2nd, U4 (Groundball, 4M)
Top of the 2nd over - 0 run(s), 0 hit(s), 0 error(s), 1 left on base; San Jose 0 - Gresham 0
BOTTOM OF THE 2ND
Gresham Gold Souls batting - Pitching for San Jose Missions : LHP Octávio Pérez
Batting: RHB Matt Davidson 0-0: Ball
1-0: Ball
2-0: Ball
3-0: Called Strike
3-1: Foul Ball, location: 2F
3-2: Foul Ball, location: 2F
3-2: SINGLE (Groundball, 56S)
Batting: RHB Luke McIndoe 0-0: Ball
1-0: Called Strike
1-1: Grounds into double play, 6-4-3 (Groundball, 56)
Batting: RHB Pablo Castillo 0-0: Called Strike
0-1: Ball
1-1: Foul Ball, location: 2F
1-2: Ball
2-2: Foul Ball, location: 2F
2-2: Hit by Pitch
Batting: RHB Juan López 0-0: DOUBLE (Line Drive, 9LM)
Pablo Castillo to third
Batting: RHB Jim Edgar 0-0: Fly out, F9 (Flyball, 9LS)
Bottom of the 2nd over - 0 run(s), 2 hit(s), 0 error(s), 2 left on base; San Jose 0 - Gresham 0
TOP OF THE 3RD
San Jose Missions batting - Pitching for Gresham Gold Souls : RHP Isaac Coleman
Batting: RHB Greg Ball 0-0: Ball
1-0: Swinging Strike
1-1: Swinging Strike
1-2: Ball
2-2: Strikes out swinging
Batting: LHB Miguel Montés 0-0: Called Strike
0-1: SINGLE (Line Drive, 8RS)
Batting: RHB Ramón Ruíz 0-0: Ball
1-0: Foul Ball, location: 2F
1-1: Ball
2-1: Swinging Strike
2-2: Ball
3-2: SINGLE (Groundball, 34S)
Miguel Montés to second
Runner from 2nd tries for 3rd, SAFE, throw made to third
Batting: RHB Chang-geun Kim 0-0: Ball
1-0: Ball
2-0: Grounds into double play, U6-3 (Groundball, 6M)
Top of the 3rd over - 0 run(s), 2 hit(s), 0 error(s), 1 left on base; San Jose 0 - Gresham 0
BOTTOM OF THE 3RD
Gresham Gold Souls batting - Pitching for San Jose Missions : LHP Octávio Pérez
Batting: LHB Bill Smith 0-0: Foul Ball, location: 2F
0-1: Ball
1-1: Foul Ball, location: 2F
1-2: Fly out, F7 (Flyball, 7S)
Batting: SHB Todd Smith 0-0: Ball
1-0: Foul Ball, location: 2F
1-1: Ball
2-1: SOLO HOME RUN (Flyball, 7D), Distance : 377 ft
Batting: RHB Peter Hensley 0-0: SINGLE (Line Drive, 7S)
Batting: RHB Lorenzo Morín 0-0: Ball
1-0: Called Strike
1-1: Ball
2-1: Foul Ball, location: 2F
2-2: Foul Ball, location: 2F
2-2: Ball
3-2: Foul Ball, location: 2F
3-2: Base on Balls
Peter Hensley to second
Batting: RHB Matt Davidson 0-0: Ball
1-0: Foul Ball, location: 2F
1-1: Called Strike
1-2: Ball
2-2: Grounds into double play, 4-6-3 (Groundball, 4)
Bottom of the 3rd over - 1 run(s), 2 hit(s), 0 error(s), 1 left on base; San Jose 0 - Gresham 1
TOP OF THE 4TH
San Jose Missions batting - Pitching for Gresham Gold Souls : RHP Isaac Coleman
Batting: RHB Armando López 0-0: Fly out, F7 (Line Drive, 78S)
Batting: RHB Cal Keys 0-0: Ball
1-0: Called Strike
1-1: Called Strike
1-2: Strikes out looking
Batting: RHB Goro Tanabe 0-0: Swinging Strike
0-1: Called Strike
0-2: Ground out 5-3 (Groundball, 5)
Top of the 4th over - 0 run(s), 0 hit(s), 0 error(s), 0 left on base; San Jose 0 - Gresham 1
BOTTOM OF THE 4TH
Gresham Gold Souls batting - Pitching for San Jose Missions : LHP Octávio Pérez
Batting: RHB Luke McIndoe 0-0: Called Strike
0-1: Ground out 6-3 (Groundball, 6)
Batting: RHB Pablo Castillo 0-0: Ball
1-0: Foul Ball, location: 2F
1-1: Ball
2-1: Ball
3-1: Base on Balls
Batting: RHB Juan López 0-0: Ball
1-0: Foul Ball, location: 2F
1-1: Foul Ball, location: 2F
1-2: Foul Ball, location: 2F
1-2: Ball
2-2: SINGLE (Line Drive, 56)
Pablo Castillo to second
Batting: RHB Jim Edgar 0-0: Ball
1-0: Called Strike
1-1: Ball
2-1: Ball
3-1: Swinging Strike
3-2: Base on Balls
Pablo Castillo to third
Juan López to second
Batting: LHB Bill Smith 0-0: DOUBLE (Groundball, 3L)
Pablo Castillo scores
Juan López scores
Jim Edgar to third
Runner from 3rd tries for Home, SAFE, throw made home
Batting: SHB Todd Smith 0-0: Ball
1-0: Foul Ball, location: 2F
1-1: Called Strike
1-2: Foul Ball, location: 2F
1-2: Ball
2-2: Strikes out looking
Batting: RHB Peter Hensley 0-0: Ball
1-0: Called Strike
1-1: Ground out 5-3 (Groundball, 5S)
Bottom of the 4th over - 3 run(s), 2 hit(s), 0 error(s), 1 left on base; San Jose 0 - Gresham 4
TOP OF THE 5TH
San Jose Missions batting - Pitching for Gresham Gold Souls : RHP Isaac Coleman
Batting: RHB Bobby Brewster 0-0: Ground out 5-3 (Groundball, 5)
Batting: RHB Elliott Rucker 0-0: Ball
1-0: Called Strike
1-1: Swinging Strike
1-2: Ball
2-2: Strikes out looking
Batting: RHB Greg Ball 0-0: Swinging Strike
0-1: Fly out, F9 (Flyball, 89M)
Top of the 5th over - 0 run(s), 0 hit(s), 0 error(s), 0 left on base; San Jose 0 - Gresham 4
BOTTOM OF THE 5TH
Gresham Gold Souls batting - Pitching for San Jose Missions : LHP Octávio Pérez
Batting: RHB Lorenzo Morín 0-0: Ball
1-0: Ball
2-0: Foul Ball, location: 2F
2-1: Ball
3-1: Base on Balls
Pitching: LHP Morgan O'Day
Batting: RHB Matt Davidson 0-0: Ball
1-0: Ball
2-0: Called Strike
2-1: Ball
3-1: Swinging Strike
3-2: Base on Balls
Lorenzo Morín to second
Batting: RHB Luke McIndoe 0-0: Ball
1-0: Ball
2-0: SINGLE (Groundball, 6MD)
Lorenzo Morín to third
Matt Davidson to second
Batting: RHB Pablo Castillo 0-0: Ball
1-0: Swinging Strike
1-1: Ball
2-1: Called Strike
2-2: Ball
3-2: Foul Ball, location: 2F
3-2: Strikes out looking
Batting: RHB Juan López 0-0: Called Strike
0-1: Foul Ball, location: 2F
0-2: Foul Ball, location: 2F
0-2: Ball
1-2: Grounds into double play, 4-6-3 (Groundball, 4M)
Bottom of the 5th over - 0 run(s), 1 hit(s), 0 error(s), 2 left on base; San Jose 0 - Gresham 4
TOP OF THE 6TH
San Jose Missions batting - Pitching for Gresham Gold Souls : RHP Isaac Coleman
Batting: LHB Miguel Montés 0-0: Called Strike
0-1: Ground out 3-1 (Groundball, 34)
Batting: RHB Ramón Ruíz 0-0: Swinging Strike
0-1: Foul Ball, location: 2F
0-2: Ball
1-2: Strikes out looking
Batting: RHB Chang-geun Kim 0-0: Ball
1-0: Ball
2-0: SINGLE (Groundball, 56D)
Batting: RHB Armando López 0-0: Ball
1-0: Ball
Chang-geun Kim is caught stealing 2nd base
Top of the 6th over - 0 run(s), 1 hit(s), 0 error(s), 0 left on base; San Jose 0 - Gresham 4
BOTTOM OF THE 6TH
Gresham Gold Souls batting - Pitching for San Jose Missions : LHP Morgan O'Day
Batting: RHB Jim Edgar 0-0: Called Strike
0-1: Ball
1-1: Ball
2-1: Ball
3-1: SINGLE (Line Drive, 6MD)
Batting: LHB Bill Smith 0-0: Ball
1-0: Grounds into double play, U4-3 (Groundball, 4)
Batting: SHB Todd Smith 0-0: Called Strike
0-1: Ball
1-1: Called Strike
1-2: SINGLE (Line Drive, 7LS)
Batting: RHB Peter Hensley 0-0: DOUBLE (Line Drive, 7LM)
Todd Smith to third
Batting: RHB Lorenzo Morín 0-0: Ball
1-0: Ball
Wild Pitch!
Todd Smith scores
Peter Hensley to third
2-0: Called Strike
2-1: 2-RUN HOME RUN (Flyball, 78XD), Distance : 411 ft
Batting: RHB Matt Davidson 0-0: Called Strike
0-1: Foul Ball, location: 2F
0-2: Foul Ball, location: 2F
0-2: Ball
1-2: Foul Ball, location: 2F
1-2: Ball
2-2: Ball
3-2: Ground out 6-3 (Groundball, 6M)
Bottom of the 6th over - 3 run(s), 4 hit(s), 0 error(s), 0 left on base; San Jose 0 - Gresham 7
TOP OF THE 7TH
San Jose Missions batting - Pitching for Gresham Gold Souls : RHP Isaac Coleman
Batting: RHB Armando López 0-0: Ball
1-0: Foul Ball, location: 2F
1-1: Foul Ball, location: 2F
1-2: Ball
2-2: Foul Ball, location: 2F
2-2: Ball
3-2: Fly out, F6 (Popup, 56D)
Batting: RHB Cal Keys 0-0: Ball
1-0: Ball
2-0: Ground out 5-3 (Groundball, 56)
Batting: RHB Goro Tanabe 0-0: Foul Ball, location: 2F
0-1: Ball
1-1: Ground out 4-3 (Groundball, 4M)
Top of the 7th over - 0 run(s), 0 hit(s), 0 error(s), 0 left on base; San Jose 0 - Gresham 7
BOTTOM OF THE 7TH
Gresham Gold Souls batting - Pitching for San Jose Missions : LHP Morgan O'Day
Pitching: RHP Lee Donahue
Batting: RHB Luke McIndoe 0-0: Called Strike
0-1: Ball
1-1: Ball
2-1: Ball
3-1: Foul Ball, location: 2F
3-2: Foul Ball, location: 2F
3-2: Base on Balls
Batting: RHB Pablo Castillo 0-0: Called Strike
0-1: SINGLE (Groundball, 4M)
Luke McIndoe to second
Batting: RHB Juan López 0-0: Ball
1-0: Ball
2-0: Foul Ball, location: 2F
2-1: Grounds into double play, 4-6-3 (Groundball, 4)
Luke McIndoe to third
Batting: RHB Jim Edgar 0-0: Ball
1-0: Ball
2-0: Swinging Strike
2-1: Ball
3-1: Swinging Strike
3-2: Base on Balls
Batting: LHB Bill Smith 0-0: Ball
1-0: Ball
2-0: Ball
3-0: Called Strike
3-1: Swinging Strike
3-2: Base on Balls
Jim Edgar to second
Batting: SHB Todd Smith 0-0: Ball
1-0: Ball
2-0: Ball
3-0: Base on Balls
Luke McIndoe scores
Jim Edgar to third
Bill Smith to second
Batting: RHB Peter Hensley 0-0: Ball
1-0: Ball
2-0: Called Strike
2-1: Foul Ball, location: 2F
2-2: Ball
3-2: Base on Balls
Jim Edgar scores
Bill Smith to third
Todd Smith to second
Batting: RHB Lorenzo Morín 0-0: Called Strike
0-1: Ball
1-1: SINGLE (Line Drive, 78M)
Bill Smith scores
Todd Smith to third
Peter Hensley to second
Batting: RHB Matt Davidson 0-0: Ball
1-0: Ball
2-0: SINGLE (Groundball, 6MD)
Todd Smith scores
Peter Hensley to third
Lorenzo Morín to second
Runner from 3rd tries for Home, SAFE, no throw or cutoff
Pitching: RHP Miguel García
Batting: RHB Luke McIndoe 0-0: Ball
Wild Pitch!
Lorenzo Morín to third
Matt Davidson to second
1-0: Called Strike
1-1: Ball
2-1: Ball
3-1: 3-RUN HOME RUN (Flyball, 7D), Distance : 375 ft
Batting: RHB Pablo Castillo 0-0: Called Strike
0-1: Called Strike
0-2: Strikes out swinging
Bottom of the 7th over - 8 run(s), 4 hit(s), 0 error(s), 0 left on base; San Jose 0 - Gresham 15
TOP OF THE 8TH
San Jose Missions batting - Pitching for Gresham Gold Souls : RHP Isaac Coleman
Batting: RHB Bobby Brewster 0-0: Ball
1-0: Called Strike
1-1: Ball
2-1: Fly out, F9 (Flyball, 9LS)
Pitching: RHP David Green
Batting: RHB Elliott Rucker 0-0: Ball
1-0: Called Strike
1-1: Swinging Strike
1-2: Foul Ball, location: 2F
1-2: Ball
2-2: DOUBLE (Line Drive, 5D)
Batting: RHB Greg Ball 0-0: Ball
1-0: Ball
2-0: Foul Ball, location: 2F
2-1: Fly out, F9 (Flyball, 9LS)
Pinch Hitting: RHB Jim Brown 0-0: Ball
1-0: Fly out, F4 (Popup, 4)
Top of the 8th over - 0 run(s), 1 hit(s), 0 error(s), 1 left on base; San Jose 0 - Gresham 15
BOTTOM OF THE 8TH
Gresham Gold Souls batting - Pitching for San Jose Missions : RHP Miguel García
Now at 3B: Jim Brown
Batting: RHB Juan López 0-0: Ground out 1-3 (Groundball, 15)
Batting: RHB Jim Edgar 0-0: Ball
1-0: Ball
2-0: Swinging Strike
2-1: Ball
3-1: Base on Balls
Batting: LHB Bill Smith 0-0: Swinging Strike
0-1: Ball
1-1: Swinging Strike
1-2: Ball
2-2: Ball
3-2: Strikes out looking
Batting: SHB Todd Smith 0-0: Ball
1-0: Ball
2-0: Fly out, F7 (Flyball, 78M)
Bottom of the 8th over - 0 run(s), 0 hit(s), 0 error(s), 1 left on base; San Jose 0 - Gresham 15
TOP OF THE 9TH
San Jose Missions batting - Pitching for Gresham Gold Souls : RHP David Green
Now in CF: Jeff McKinney
Pinch Hitting: RHB Culley Douglas 0-0: Ball
1-0: Foul Ball, location: 2F
1-1: Ball
2-1: Foul Ball, location: 2F
2-2: Foul Ball, location: 2F
2-2: Ground out 4-3 (Groundball, 4M)
Batting: RHB Chang-geun Kim 0-0: Swinging Strike
0-1: Foul Ball, location: 2F
0-2: Ball
1-2: Strikes out swinging
Batting: RHB Armando López 0-0: Foul Ball, location: 2F
0-1: Ball
1-1: Called Strike
1-2: Strikes out swinging
Top of the 9th over - 0 run(s), 0 hit(s), 0 error(s), 0 left on base; San Jose 0 - Gresham 15
Monday, December 5th, 2016 - OOTP Baseball 17.12 Build 75